 Dungeon Crawl Stone Soup version 0.29.1-12-g30fa7ad0bf (webtiles) character file.

Game seed: 8603619249640782610

1008 Joseph the Shooter (level 8, -1/67 HPs)
             Began as a Black Draconian Hunter on Dec 15, 2022.
             Was a Priest of Ashenzari.
             Shot with an arrow by a centaur (12 damage)
             ... on level 5 of the Dungeon.
             The game lasted 00:24:41 (4889 turns).

Joseph the Shooter (Black Draconian Hunter)         Turns: 4889, Time: 00:24:42

Health: -1/67      AC:  7    Str: 13    XL:     8   Next: 1%
Magic:  0/12       EV: 12    Int: 13    God:    Ashenzari [***...]
Gold:   140        SH:  0    Dex: 16    Spells: 6/13 levels left

rFire   . . .      SeeInvis +   a - +0 shortbow of the Ensconced Empyrean {Comp, Alch} (curse)
rCold   . . .      Faith    .   (shield currently unavailable)
rNeg    + . .      Spirit   +   (body armour unavailable)
rPois   .          Reflect  .   (helmet restricted)
rElec   +          Harm     .   k - +0 cloak "Circumscribed Doubts" {Alch, Bglg} (curse)
rCorr   .          Rampage  .   (no gloves)
Will    .....      Clarity  +   (no boots)
Stlth   ++........              p - amulet of Ashenzari's Sorrow {Spirit rN+ Dex+2, Evo, Self} (curse)
HPRegen 0.21/turn               o - ring of the Curse-Bearer {Wiz, Fort, Elem} (curse)
MPRegen 0.13/turn               (no ring)

@: short of breath
A: breathe lightning, AC +6, unfitting armour, electricity resistance,
cold-blooded
a: Breathe Lightning, Renounce Religion, Curse Item, Shatter the Chains


You were on level 5 of the Dungeon.
You worshipped Ashenzari.
Ashenzari was most pleased with you.
You visited 1 branch of the dungeon, and saw 5 of its levels.

You collected 140 gold pieces.

Inventory:

Hand Weapons
 a - the cursed +0 shortbow of the Ensconced Empyrean (weapon) {Comp, Alch}

   It has a curse which improves the following skills: Companions: Summonings
   and Necromancy.
   Alchemy:   Poison Magic and Transmutations.
 c - a +3 short sword of holy wrath
Missiles
 i - a throwing net
Armour
 k - the cursed +0 cloak "Circumscribed Doubts" (worn) {Alch, Bglg}
   (You found it on level 2 of the Dungeon)

   It has a curse which improves the following skills: Alchemy: Poison Magic and
   Transmutations.
   Beguiling: Conjurations, Hexes and Translocations.
Jewellery
 o - the cursed ring of the Curse-Bearer (left hand) {Wiz, Fort, Elem}
   (You found it on level 3 of the Dungeon)

   [ring of wizardry]

   It improves your spell success rate.
   It has a curse which improves the following skills: Fortitude: Shields.
   Elements:  Fire Magic, Ice Magic, Air Magic and Earth Magic.
 p - the cursed amulet of Ashenzari's Sorrow (around neck) {Spirit rN+ Dex+2, Evo, Self}
   (You found it on level 3 of the Dungeon)

   [amulet of guardian spirit]

   It causes incoming damage to be divided between your reserves of health and
   magic.
   Dex:       It affects your dexterity (+2).
   rN:        It protects you from negative energy.
   It has a curse which improves the following skills: Evocations: Evocations.
   Introspection: Fighting and Spellcasting.
Scrolls
 b - a scroll of immolation
 d - 2 scrolls of identify
 g - 2 scrolls of amnesia
 h - a scroll of torment
 j - a scroll of enchant armour
 l - a scroll of magic mapping
 n - a scroll of enchant weapon
Potions
 e - 2 potions of resistance
 m - a potion of lignification


   Skills:
 * Level 3.3(4.7) Fighting
 * Level 1.5 Short Blades
 * Level 5.7 Ranged Weapons
 * Level 2.5 Dodging
 * Level 2.0 Stealth
 * Level 2.0(3.2) Spellcasting
 * Level 1.5(2.6) Conjurations
 * Level 1.1(2.1) Hexes
 * Level 1.4(2.5) Summonings
 * Level 1.1(2.1) Necromancy
 * Level 1.7(2.9) Translocations
 * Level 1.4(3.1) Transmutations
 * Level 1.2(2.3) Fire Magic
 * Level 1.7(2.9) Ice Magic
 * Level 1.9(3.1) Air Magic
 * Level 1.1(2.1) Earth Magic
 * Level 1.4(3.0) Poison Magic


You had 6 spell levels left.
You knew the following spells:

 Your Spells              Type           Power      Damage    Failure   Level
a - Freeze                Ice            36%        1d6       2%          1
b - Frozen Ramparts       Ice            18%        1d3       9%          3
c - Mephitic Cloud        Conj/Pois/Air  9%         N/A       9%          3

Your spell library contained the following spells:

 Spells                   Type           Power      Damage    Failure   Level
 Magic Dart               Conj           36%        1d4       3%          1
 Call Imp                 Summ           8%         N/A       4%          2
 Confusing Touch          Hex            7%         N/A       12%         3
 Hailstorm                Conj/Ice       9%         3d4       26%         4
 Yara's Violent Unravell  Hex/Tmut       4%         3d4       61%         5
 Enfeeble                 Hex            3%         N/A       100%        7


Dungeon Overview and Level Annotations

Branches:
Dungeon (5/15)             Temple (0/1) D:4

Altars:
Ashenzari
Hepliaklqana
Yredelemnul

Portals:
Abyss: D:3

Annotations:
D:3 2 transporters, deadpool521's ghost, weakling HOFi


Innate Abilities, Weirdness & Mutations

You can breathe wild blasts of lightning.
Your glossy black scales are hard. (AC +6)
You cannot fit into any form of body armour.
You are resistant to electric shocks. (rElec)
You are cold-blooded and may be slowed by cold attacks.


Message History

You shoot an arrow. The arrow hits the gnoll!
You kill the gnoll!
Unknown command.
Fire: a) +0 shortbow of the Ensconced Empyrean {Comp, Alch} (curse)
Press: ? - help, Q - select action, (/) - cycle Shift-Dir - straight line, f/p - gnoll
Aim: a gnoll, wielding a +0 flail (heavily wounded, 68% to hit)
You shoot an arrow. The arrow closely misses the gnoll.
The gnoll barely misses you. x2
Unknown command.
The gnoll hits you from afar with a +0 halberd!
The gnoll attacks as you move away! The gnoll hits you with a +0 flail!
The gnoll hits you with a +0 flail.
* * * LOW HITPOINT WARNING * * *
You see here an iguana corpse.
As you read the scroll of teleportation, it crumbles to dust.
You feel strangely unstable. The gnoll hits you with a +0 flail!
* * * LOW HITPOINT WARNING * * *
Unknown command.
You see here a hound corpse.
Things that are here:
a +0 flail; an adder corpse Your surroundings suddenly seem different.
Found a +0 robe.
Found a stone staircase leading down.
You start resting.
You have got your breath back.
You start resting.
Ashenzari invites you to partake of a vision and a curse of ranged combat and elements.
You aren't wearing any cursable items.
You start resting.
A centaur comes into view.
Activating: Breathe Lightning (4% risk of failure)
Press: ? - help, Dir - look around, f - activate You breathe a wild blast of lightning!
You hear a mighty clap of thunder! x4
The bolt of lightning hits you! You resist.
* * * LOW HITPOINT WARNING * * *
The centaur shouts!
You hear a shout! x2
The centaur wields a +0 shortbow.
The centaur shoots an arrow.
The arrow hits you!
You die...

, * * ..#.
*#.#.####, *
*## ...#..c
* ...#.....#
* ,
.........# ,
,
,....>....#
,
,.........#
*
,.......@.#
* .........#
*,
,,.........#
* * *
........[#
*,
.........#
.........#
##########


You could see a centaur.

Vanquished Creatures
  A black bear (D:4)
  2 ogres (D:4)
  2 phantoms
  A gnoll sergeant (D:5)
  3 scorpions
  3 hounds
  2 iguanas (D:5)
  An orc wizard (D:4)
  7 gnolls
  7 adders
  A white imp (D:4)
  2 dart slugs (D:1)
  3 orcs
  4 endoplasms
  3 giant cockroaches (D:4)
  4 goblins
  3 hobgoblins
  3 jackals (D:4)
  4 kobolds
  3 quokkas (D:1)
  4 ball pythons
  4 bats
  5 frilled lizards
  6 rats
78 creatures vanquished.

Notes
Turn   | Place    | Note
-------+----------+-------------------------------------------
     0 | D:1      | Joseph the Draconian Hunter began the quest for the Orb.
     0 | D:1      | Reached XP level 1. HP: 17/17 MP: 1/1
   149 | D:1      | Found a faded altar of an unknown god.
   168 | D:1      | Reached skill level 1 in Stealth
   174 | D:1      | Reached skill level 4 in Ranged Weapons
   174 | D:1      | Reached XP level 2. HP: 15/24 MP: 2/2
   294 | D:1      | Prayed at the altar of an unknown god.
   294 | D:1      | Became a worshipper of Ashenzari the Shackled
   295 | D:1      | Reached * piety under Ashenzari
  1357 | D:2      | Reached XP level 3. HP: 30/30 MP: 3/3
  1619 | D:2      | Learned a level 1 spell: Freeze
  1647 | D:2      | Reached ** piety under Ashenzari
  2185 | D:3      | Noticed a small abomination
  2208 | D:3      | Found a one-way gate to the infinite horrors of the Abyss.
  2208 | D:3      | Noticed deadpool521's ghost (weakling HOFi)
  2227 | D:3      | Found a transporter.
  2232 | D:3      | Found a transporter.
  2445 | D:3      | Found a hazy altar of Hepliaklqana.
  2496 | D:3      | Reached XP level 4. HP: 20/37 MP: 2/4
  2651 | D:3      | Found a basalt altar of Yredelemnul.
  2685 | D:3      | Reached *** piety under Ashenzari
  2739 | D:3      | Identified the amulet of Guwaph {Spirit rN+ Dex+2}
  2832 | D:3      | Learned a level 3 spell: Frozen Ramparts
  3144 | D:4      | Noticed a phantom
  3451 | D:4      | Killed a phantom
  3452 | D:4      | Reached skill level 1 in Spellcasting
  3452 | D:4      | Reached XP level 5. HP: 28/44 MP: 3/6
  3613 | D:4      | Noticed a black bear
  3833 | D:4      | Killed a black bear
  3834 | D:4      | Reached skill level 1 in Short Blades
  3834 | D:4      | Reached skill level 5 in Ranged Weapons
  3834 | D:4      | Reached skill level 1 in Transmutations
  3834 | D:4      | Reached XP level 6. HP: 41/50 MP: 5/7
  3949 | D:4      | Learned a level 3 spell: Mephitic Cloud
  4211 | D:4      | Found a staircase to the Ecumenical Temple.
  4254 | D:4      | Reached skill level 1 in Conjurations
  4254 | D:4      | Reached skill level 1 in Translocations
  4254 | D:4      | Reached skill level 1 in Air Magic
  4254 | D:4      | Reached skill level 1 in Earth Magic
  4254 | D:4      | Reached skill level 1 in Poison Magic
  4254 | D:4      | Your scales start taking on a glossy black colour.
  4254 | D:4      | Reached XP level 7. HP: 53/57 MP: 1/9
  4254 | D:4      | Gained mutation: You are resistant to electric shocks.
                  | (rElec) [Black Draconian growth]
  4255 | D:4      | Reached skill level 1 in Summonings
  4255 | D:4      | Reached skill level 1 in Ice Magic
  4678 | D:5      | Entered Level 5 of the Dungeon
  4697 | D:5      | Reached skill level 1 in Fire Magic
  4700 | D:5      | Reached skill level 1 in Necromancy
  4803 | D:5      | Reached skill level 1 in Hexes
  4803 | D:5      | Reached skill level 1 in Earth Magic
  4835 | D:5      | Reached XP level 8. HP: 46/67 MP: 0/12
  4889 | D:5      | Shot with an arrow by a centaur

Illustrated notes

Levels and vault maps discovered:
D:1:      lemuel_arrival_rhombus, layout_basic, ebering_ecumenical_altar_box
D:2:      layout_basic
D:3:      layout_basic, grunt_temple_overflow_open,
          gammafunk_ghost_abyssal_escape, serial_bayou_crossing
D:4:      layout_rooms, minmay_temple_entry_trees,
          nicolae_concentric_dashed_squares_wild
D:5:      layout_basic, demons_altar, gammafunk_ghost_mausoleum

Skill      XL: |  1  2  3  4  5  6  7 |
---------------+----------------------+-----
Stealth        | 1 2 |  2.0
Ranged Weapons | 4 5 |  5.7
Dodging        | 2 |  2.5
Spellcasting   | 1 2 |  2.0
Short Blades   | 1 |  1.5
Transmutations | 1 |  1.4
Fighting       | 3 |  3.3
Conjurations   | 1 |  1.5
Translocations | 1 |  1.7
Air Magic      | 1 |  1.9
Earth Magic    | 0 1 |  1.1
Poison Magic   | 1 |  1.4
Summonings     | 1 |  1.4
Ice Magic      | 1 |  1.7
Fire Magic     | 1 |  1.2
Necromancy     | 1 |  1.1
Hexes          | 1 |  1.1

Action                   |  1- 3 |  4- 6 |  7- 9 || total
-------------------------+-------+-------+-------++-------
 Fire: Shortbow          |    98 |   111 |    55 ||   264
 Cast: Freeze            |     4 |    15 |    16 ||    35
       Frozen Ramparts   |       |     3 |     4 ||     7
       Mephitic Cloud    |       |     1 |     1 ||     2
Invok: Curse Item        |     2 |     1 |     1 ||     4
 Abil: Breathe Lightning |       |       |     7 ||     7
  Use: Scroll            |     2 |     2 |     1 ||     5
       Potion            |     5 |     3 |       ||     8
Armor: Skin              |    33 |    28 |    17 ||    78
Dodge: Dodged            |    60 |    66 |    37 ||   163
